 Dungeon Crawl Stone Soup version 0.22.0-5-gf09313c8f9 (webtiles) character file.

1364 Faustar the Magician (level 8, 0/46 HPs)
             Began as a Tengu Wanderer on Aug 14, 2018.
             Succumbed to a killer bee's poison
             ... on level 7 of the Dungeon.
             The game lasted 00:23:23 (9219 turns).

Faustar the Magician (Tengu Wanderer)               Turns: 9219, Time: 00:23:23

Health: 0/46       AC:  2    Str: 11    XL:     8   Next: 64%
Magic:  3/19       EV: 11    Int: 19    God:
Gold:   352        SH:  0    Dex: 16    Spells: 11/20 levels left

rFire    . . .     SeeInvis .   n - +1 short sword (elec)
rCold    . . .     Gourm    .   (no shield)
rNeg     . . .     Faith    .   o - +0 robe (curse)
rPois    .         Spirit   .   (helmet restricted)
rElec    .         Reflect  .   (no cloak)
rCorr    .         Harm     .   (no gloves)
MR       .....                  (boots unavailable)
Stlth    +.........             (no amulet)
HPRegen  0.15/turn              (no ring)
MPRegen  0.16/turn              (no ring)

@: brilliant, lethally poisoned (0 -> -5), very slightly contaminated
A: beak, talons 3, able to fly 1
a: Fly


You were on level 7 of the Dungeon.
You were very hungry.

You visited 1 branch of the dungeon, and saw 7 of its levels.

You collected 352 gold pieces.

Inventory:

Hand Weapons
 d - a +0 dagger
 h - a +2 vampiric spear
 n - a +1 short sword of electrocution (weapon)
Armour
 c - a +0 robe
 o - a cursed +0 robe (worn)
Jewellery
 v - a cursed -4 ring of evasion {unknown}
 w - a +2 ring of protection {unknown}
Wands
 l - a wand of polymorph (11)
Scrolls
 a - 12 scrolls of identify {unknown}
 e - 3 scrolls of enchant armour {unknown}
 j - 2 scrolls of fog {unknown}
 k - 3 scrolls of teleportation
 m - 7 scrolls of remove curse {unknown}
 q - a scroll of blinking {unknown}
 t - a scroll of fear {unknown}
 u - a scroll of amnesia {unknown}
 y - a scroll of magic mapping
Potions
 g - a potion of flight
 i - a potion of lignification
 r - a potion of agility {unknown}
 s - 2 potions of mutation {unknown}
Comestibles
 f - 14 rations


   Skills:
 - Level 3.0 Fighting
   Level 2.0 Shields
 - Level 6.7 Spellcasting
 - Level 6.0 Conjurations
   Level 1.0 Charms
 + Level 6.2 Summonings
   Level 1.1 Fire Magic
 + Level 2.6 Ice Magic
   Level 1.3 Air Magic


You had 11 spell levels left.
You knew the following spells:

 Your Spells              Type           Power        Failure   Level  Hunger
a - Magic Dart            Conj           ####         1%          1    None
b - Searing Ray           Conj           #####.       1%          2    None
c - Call Imp              Summ           #####...     1%          2    None
d - Summon Ice Beast      Ice/Summ       ####....     2%          4    ####...

Your spell library contained the following spells:

 Spells                   Type           Power        Failure   Level  Hunger
 Apportation              Tloc           ###...       1%          1    None
 Summon Small Mammal      Summ           ####         1%          1    None
 Iskenderun's Mystic Bla  Conj           #####...     1%          4    ####...
 Animate Skeleton         Necr           N/A          1%          1    None
 Regeneration             Chrm/Necr      ###.......   3%          3    ##.....
 Confusing Touch          Hex            ###...       1%          1    None
 Call Canine Familiar     Summ           #####...     1%          3    ##.....
 Shroud of Golubria       Chrm/Tloc      ###.......   1%          2    None
 Fulminant Prism          Conj/Hex       ####......   3%          4    ####...
 Dazzling Spray           Conj/Hex       ####..       1%          3    ##.....
 Force Lance              Conj/Tloc      ####....     3%          4    ####...
 Infusion                 Chrm           ###.         1%          1    None
 Song of Slaying          Chrm           ###.....     1%          2    None
 Spectral Weapon          Hex/Chrm       ###.....     3%          3    ##.....
 Summon Lightning Spire   Summ/Air       ####....     2%          4    ####...
 Summon Guardian Golem    Hex/Summ       ####....     1%          3    ##.....


Dungeon Overview and Level Annotations

Branches:
Dungeon (7/15)
 Temple: D:4-7

Altars:
Okawaru
Ru

Shops:
D:4 %   D:5 :


Innate Abilities, Weirdness & Mutations

You have a beak for a mouth.
You have claws for feet.
You can fly.


Message History

(Press . to maintain the ray.)
You feel sick. The killer bee closely misses you.
Your ice beast misses the killer bee.
The killer bee closely misses you.
The searing ray hits the killer bee.
The killer bee is moderately wounded.
You feel sick. The killer bee barely misses you.
Your ice beast misses the killer bee.
The killer bee completely misses you.
The searing ray hits the killer bee.
The killer bee is severely wounded.
You feel sick.
The killer bee stings you but does no damage.
Your ice beast completely misses the killer bee.
The killer bee stings you!
* * * LOW HITPOINT WARNING * * *
The searing ray hits the killer bee.
You kill the killer bee!
You finish channeling your searing ray.
It was a potion of brilliance.
You feel clever all of a sudden.
You die...

............#..#.##............##
............#..#...............##
............#.....#..............
##...###.####...#.#............##
#...# #.......................#
#...# ######.##############.###
#...# #.########## #.# #...#
#.##.......# #.# #...#
#.##@......#####.# #...#
#...Y............# #..##
####........###### #.#.>.#.##
#.#####.# #.......# #########


You could see a friendly ice beast.

Vanquished Creatures
  An ice beast (D:5)
  3 phantoms
  An ogre (D:6)
  A bullfrog (D:6)
  2 killer bees (D:7)
  A howler monkey (D:4)
  5 wights
  A crimson imp (D:5)
  A hound (D:6)
  3 orc priests
  A bullfrog skeleton (D:5)
  An iguana (D:6)
  4 orc wizards
  2 worker ants
  2 killer bee zombies (D:6)
  A hound skeleton (D:5)
  A worker ant zombie (D:5)
  7 adders
  A river rat (D:5)
  An ooze (D:2)
  An adder zombie (D:5)
  3 worms (D:3)
  4 dart slugs
  5 leopard geckos
  9 orcs
  10 bats
  7 giant cockroaches
  4 goblins
  4 hobgoblins
  7 jackals
  A quokka (D:6)
  3 frilled lizards
  8 kobolds
  A quokka zombie (D:3)
  8 rats
115 creatures vanquished.

Vanquished Creatures (collateral kills)
  Blork the orc (D:4)
  A killer bee (D:7)
  An adder (D:6)
  An orc (D:4)
  2 rats (D:5)
6 creatures vanquished.

Grand Total: 121 creatures vanquished

Notes
Turn   | Place    | Note
-------+----------+-------------------------------------------
     0 | D:1      | Faustar the Tengu Wanderer began the quest for the Orb.
     0 | D:1      | Faustar set off with: a potion of curing, a +0 robe, a +0 dagger, a ration
     0 | D:1      | Reached XP level 1. HP: 10/10 MP: 6/6
     2 | D:1      | Learned a level 1 spell: Magic Dart
   305 | D:1      | Reached XP level 2. HP: 15/15 MP: 8/8
   384 | D:1      | Learned a level 2 spell: Searing Ray
   731 | D:1      | Reached XP level 3. HP: 17/19 MP: 5/9
   922 | D:2      | Found an iron altar of Okawaru.
  1635 | D:2      | Found a sacrificial altar of Ru.
  1753 | D:2      | Reached skill level 5 in Conjurations
  1753 | D:2      | Reached XP level 4. HP: 21/24 MP: 3/11
  2477 | D:3      | Learned a level 2 spell: Call Imp
  2969 | D:4      | Found Uhofi's Food Boutique.
  3031 | D:4      | Gained mutation: You can fly. [Tengu growth]
  3031 | D:4      | Reached XP level 5. HP: 28/28 MP: 6/12
  3278 | D:4      | Noticed a phantom
  3340 | D:4      | Noticed Blork the orc
  3881 | D:4      | Killed Blork the orc
  3881 | D:4      | Reached XP level 6. HP: 11/32 MP: 4/13
  4110 | D:4      | Killed a phantom
  4110 | D:4      | Reached skill level 5 in Summonings
  4353 | D:4      | Noticed a phantom
  4372 | D:4      | Killed a phantom
  4372 | D:4      | Reached skill level 1 in Fighting
  4662 | D:5      | Entered Level 5 of the Dungeon
  4935 | D:5      | Reached XP level 7. HP: 40/40 MP: 7/14
  5300 | D:5      | Found a glowing drain.
  5420 | D:5      | Found Yruowoemi's Book Shop.
  6069 | D:5      | Reached skill level 5 in Spellcasting
  6786 | D:6      | Reached XP level 8. HP: 38/46 MP: 11/17
  7901 | D:6      | Learned a level 4 spell: Summon Ice Beast
  8093 | D:6      | Reached skill level 1 in Ice Magic
  8943 | D:7      | HP: 2/46 [killer bee (1)]
  9217 | D:7      | HP: 1/46 [killer bee (10)]
  9219 | D:7      | Succumbed to a killer bee's poison

Skill      XL: |  1  2  3  4  5  6  7  8 |
---------------+-------------------------+-----
Conjurations   | 2 3 5 6 |  6.0
Summonings     | 2 4 5 6 |  6.2
Fighting       | 2 3 |  3.0
Spellcasting   | 5 6 |  6.7
Ice Magic      | 2 |  2.6
Shields        | |  2.0
Charms         | |  1.0
Fire Magic     | |  1.1
Air Magic      | |  1.3

Action                   |  1- 3 |  4- 6 |  7- 9 || total
-------------------------+-------+-------+-------++-------
Melee: Dagger            |    31 |       |       ||    31
       Kick              |     6 |     8 |     3 ||    17
       Peck              |     4 |     5 |     6 ||    15
       Short sword       |       |    25 |    24 ||    49
 Cast: Magic Dart        |    87 |    55 |    64 ||   206
       Searing Ray       |     1 |    17 |    31 ||    49
       Call Imp          |       |    19 |    32 ||    51
       Summon Ice Beast  |       |       |     3 ||     3
Evoke: Wand              |       |       |     1 ||     1
  Use: Potion            |       |     3 |     5 ||     8
       Scroll            |       |     2 |       ||     2
 Stab: Sleeping          |     1 |       |       ||     1
  Eat: Chunk             |     3 |    11 |    11 ||    25
       Ration            |       |       |     1 ||     1
Armor: Robe              |    11 |     2 |     6 ||    19
       Skin              |       |       |     2 ||     2
Dodge: Dodged            |    17 |    18 |    39 ||    74
